 Dungeon Sprint DCSS version 0.28.0-53-g5a82cb258f (webtiles) character file.

Game seed: 9647232841500314614

2139 Zeld the Cleaver (level 9, -11/144 HPs)
             Began as a Minotaur Berserker on June 4, 2022.
             Was a High Priest of Trog.
             Mangled by Erolcha
             ... wielding a +4 giant spiked club
              (25 damage)
             ... in the Dungeon (Sprint III: "The Ten Rune Challenge").
             The game lasted 00:01:47 (1686 turns).

Zeld the Cleaver (Minotaur Berserker)               Turns: 1686, Time: 00:01:48

Health: -11/144    AC:  2    Str: 27    XL:     9   Next: 9%
Magic:  2/2        EV: 15    Int:  4    God:    Trog [*****.]
Gold:   26         SH:  0    Dex: 11    Spells: 8/8 levels left

rFire   . . .      SeeInvis .   a - +3 battleaxe (antimagic)
rCold   . . .      Faith    .   (shield currently unavailable)
rNeg    . . .      Spirit   .   b - +0 animal skin
rPois   .          Reflect  .   (helmet restricted)
rElec   .          Harm     .   (no cloak)
rCorr   .          Rampage  .   (no gloves)
Will    .....      Clarity  +   (no boots)
Stlth   .......... NoTele   +   (no amulet)
HPRegen 0.34/turn               (no ring)
MPRegen 0.08/turn               (no ring)

@: berserking, lethally poisoned (-11 -> -28), very quick
A: horns 2, retaliatory headbutt, hooves 1, agile 1, clarity
a: Renounce Religion, Berserk, Trog's Hand, Brothers in Arms


You were in the Dungeon.
You worshipped Trog.
Trog was extremely pleased with you.
You visited 1 branch You collected 26 gold pieces.

Inventory:

Hand Weapons
 a - a +3 antimagic battleaxe (weapon)
Armour
 b - a +0 animal skin (worn)
Wands
 q - a wand of flame (17)
Scrolls
 h - a scroll of blinking
 i - a scroll of amnesia {unknown}
 k - 2 scrolls of immolation {unknown}
 l - a scroll of identify {unknown}
 n - a scroll of vulnerability {unknown}
Potions
 c - a potion of curing
 d - 2 potions of heal wounds
 e - a potion of haste
 f - 2 potions of magic
 g - a potion of berserk rage
 j - 2 potions of might
 m - a potion of lignification {unknown}
 o - a potion of resistance {unknown}
 p - 2 potions of flight


   Skills:
 * Level 14.5 Fighting
 * Level 14.6 Axes
 + Level 10.4 Armour
 + Level 9.5 Dodging


You had 8 spell levels left.
You didn't know any spells.
Your spell library was empty.

Dungeon Overview and Level Annotations

Branches:
Dungeon (1/1)

Altars:
Cheibriados
Dithmenos
Elyvilon
Fedhas
Gozag
Hepliaklqana
Kikubaaqudgha
Makhleb
Nemelex Xobeh
Okawaru
Qazlal
Ru
Sif Muna
Trog
Uskayaw
Vehumet
Wu Jian
Xom
Yredelemnul
Zin
The Shining One
Beogh
Jiyva
Lugonu

Annotations:
D Erolcha


Innate Abilities, Weirdness & Mutations

You have a pair of horns on your head.
You reflexively headbutt those who attack you in melee.
You have large cloven feet.
You are agile. (Dex +2)
You possess an exceptional clarity of mind.


Message History

The two-headed ogre hits you with a +0 giant club!
* * * LOW HITPOINT WARNING * * *
You closely miss the redback. Your kick misses the redback.
You headbutt the redback.
You kill the redback!
Trog accepts your kill.
You slash the two-headed ogre!
* * * LOW HITPOINT WARNING * * *
You feel very sick.
A redback comes into view.
* * * LOW HITPOINT WARNING * * *
You feel very sick. Erolcha misses you. The two-headed ogre misses you.
The two-headed ogre barely misses you.
There is a broken door here.
You see here a redback corpse.
Unknown command.
You slice the two-headed ogre!!
You kill the two-headed ogre!
Trog accepts your kill.
You completely miss Erolcha.
* * * LOW HITPOINT WARNING * * *
You feel very sick. Erolcha closely misses you.
You have reached level 9!
Your experience leads to an increase in your attributes!
Your base attributes are Str 25, Int 4, Dex 9.
Increase (S)trength, (I)ntelligence, or (D)exterity?
You feel stronger. x2
You slash Erolcha!
Erolcha's magic leaks into the air.
You kick Erolcha!
Erolcha is heavily wounded.
* * * LOW HITPOINT WARNING * * *
You feel very sick.
You barely miss Erolcha.
Erolcha is heavily wounded.
* * * LOW HITPOINT WARNING * * *
You feel very sick.
Erolcha's magic is no longer disrupted.
Erolcha hits you with a +4 giant spiked club!!
You die...

)## ..# ..# #'#
.)#+############## ###
..#....#.#.#.....# .^..
..##.#..#.##)###.# .s...
..'##)#.#.##.#..##.^....
..#...#..#..##.)@O...^^.
▓▓▓▓▓▓▓▓▓▓▓▓▓▓▓▓#..^....
....... .....^^ ......^
#+#####


You could see Erolcha and a redback.

Vanquished Creatures
  A deep elf pyromancer (D)
  A shadow (D)
  A redback (D)
  A spatial vortex (D)
  A necrophage (D)
  5 two-headed ogres (D)
  A water elemental (D)
  A scorpion (D)
  A jelly (D)
  A wizard (D)
  A necromancer (D)
  3 humans (D)
  A kobold demonologist (D)
  2 endoplasms (D)
  2 rats (D)
23 creatures vanquished.

Notes
Turn   | Place    | Note
-------+----------+-------------------------------------------
     0 | D        | Zeld the Minotaur Berserker began the quest for the Orb.
     0 | D        | Reached XP level 1. HP: 19/19 MP: 0/0
    31 | D        | Reached ** piety under Trog
    66 | D        | Noticed a scorpion
    69 | D        | Killed a scorpion
    70 | D        | Reached XP level 2. HP: 31/31 MP: 1/1
    70 | D        | Reached XP level 3. HP: 38/38 MP: 2/2
    82 | D        | Reached XP level 4. HP: 27/45 MP: 3/3
   257 | D        | Gained mutation: You have hidden genetic defects. [potion
                  | of mutation]
   257 | D        | Gained mutation: You are frail. (-10% HP) [potion of
                  | mutation]
   359 | D        | Lost mutation: You are frail. (-10% HP) [potion of
                  | mutation]
   359 | D        | Lost mutation: You have hidden genetic defects. [potion of
                  | mutation]
   359 | D        | Gained mutation: Your body sometimes deteriorates upon
                  | taking damage. [potion of mutation]
   359 | D        | Gained mutation: You tend to lose your temper in combat.
                  | [potion of mutation]
   359 | D        | Gained mutation: You passively map a small area around you.
                  | [potion of mutation]
   418 | D        | Lost mutation: You tend to lose your temper in combat.
                  | [potion of mutation]
   418 | D        | Lost mutation: You passively map a small area around you.
                  | [potion of mutation]
   418 | D        | Lost mutation: Your body sometimes deteriorates upon taking
                  | damage. [potion of mutation]
   418 | D        | Gained mutation: Your body sometimes deteriorates upon
                  | taking damage. [potion of mutation]
   418 | D        | Gained mutation: You possess an exceptional clarity of
                  | mind. [potion of mutation]
   483 | D        | Lost mutation: Your body sometimes deteriorates upon taking
                  | damage. [potion of mutation]
   483 | D        | Lost mutation: You possess an exceptional clarity of mind.
                  | [potion of mutation]
   483 | D        | Gained mutation: You have large cloven feet. [potion of
                  | mutation]
   483 | D        | Gained mutation: You possess an exceptional clarity of
                  | mind. [potion of mutation]
   483 | D        | Gained mutation: You are agile. (Dex +2) [potion of
                  | mutation]
   635 | D        | Noticed a water elemental
   638 | D        | Killed a water elemental
   639 | D        | Reached skill level 5 in Armour
   639 | D        | Reached XP level 5. HP: 53/53 MP: 4/4
   737 | D        | Found a radiant altar of Vehumet.
   737 | D        | Found a shimmering blue altar of Sif Muna.
   737 | D        | Found an ancient bone altar of Kikubaaqudgha.
   738 | D        | Noticed a chaos spawn
   738 | D        | Reached *** piety under Trog
   739 | D        | Reached skill level 5 in Dodging
   829 | D        | Found a glowing silver altar of Zin.
   829 | D        | Found a glowing golden altar of the Shining One.
   829 | D        | Found a white marble altar of Elyvilon.
   830 | D        | Noticed a deep elf pyromancer
   834 | D        | Noticed a fire elemental
   834 | D        | Noticed a fire elemental
   836 | D        | Killed a deep elf pyromancer
   836 | D        | Reached **** piety under Trog
   837 | D        | Reached XP level 6. HP: 59/68 MP: 5/5
   837 | D        | Reached XP level 7. HP: 64/74 MP: 6/6
   935 | D        | Found a hide-covered altar of Uskayaw.
   935 | D        | Found an iron altar of Okawaru.
   935 | D        | Found a bloodstained altar of Trog.
   935 | D        | Found an ornate altar of the Wu Jian Council.
   935 | D        | Noticed a human
   936 | D        | Noticed a human
   940 | D        | Killed a human
   943 | D        | Killed a human
  1001 | D        | Found a basalt altar of Yredelemnul.
  1001 | D        | Found a shadowy altar of Dithmenos.
  1001 | D        | Found a sacrificial altar of Ru.
  1094 | D        | Noticed a shadow
  1096 | D        | Reached ***** piety under Trog
  1100 | D        | Killed a shadow
  1101 | D        | Reached XP level 8. HP: 71/85 MP: 7/7
  1106 | D        | Found a blossoming altar of Fedhas.
  1106 | D        | Found a stormy altar of Qazlal.
  1107 | D        | Found a snail-covered altar of Cheibriados.
  1107 | D        | Found a burning altar of Makhleb.
  1107 | D        | Found a hazy altar of Hepliaklqana.
  1107 | D        | Found a shimmering altar of Xom.
  1107 | D        | Found an opulent altar of Gozag.
  1107 | D        | Found a sparkling altar of Nemelex Xobeh.
  1107 | D        | Found a corrupted altar of Lugonu.
  1107 | D        | Found a viscous altar of Jiyva.
  1272 | D        | Received a gift from Trog
  1567 | D        | Noticed a two-headed ogre
  1572 | D        | Killed a two-headed ogre
  1573 | D        | Reached skill level 10 in Armour
  1675 | D        | Noticed a two-headed ogre
  1675 | D        | Noticed Erolcha
  1684 | D        | Killed a two-headed ogre
  1685 | D        | Reached XP level 9. HP: 21/96 MP: 2/8
  1686 | D        | Mangled by Erolcha

Illustrated notes

Levels and vault maps discovered:
D:        dungeon_sprint_mu [sprint_mu_entry_cave, sprint_mu_temple_rooms,
          sprint_mu_d1_spiders, sprint_mu_d2_genie, sprint_mu_d3_branching,
          sprint_mu_orc_legion, sprint_mu_elf_gauntlet, sprint_mu_hive_nellie,
          sprint_mu_lair_fedhas, sprint_mu_vaults_butterflies,
          sprint_mu_slime_circle, sprint_mu_swamp_cave, sprint_mu_shoals_kraken,
          sprint_mu_blade_basic, sprint_mu_crypt_lich, sprint_mu_tomb_spiral,
          sprint_mu_vestibule_basic, sprint_mu_gehenna_hellfire,
          sprint_mu_dis_giant, sprint_mu_tartarus_statrot,
          sprint_mu_cocytus_islands, sprint_mu_zot1]

Skill      XL: |  1  2  3  4  5  6  7  8 |
---------------+-------------------------+-----
Fighting       | 6 7 11 12 14 | 14.5
Axes           | 6 7 11 12 14 | 14.6
Armour         | 4 5 7 9 10 | 10.4
Dodging        | 3 4 7 8 9 |  9.5

Action                   |  1- 3 |  4- 6 |  7- 9 || total
-------------------------+-------+-------+-------++-------
Melee: Hand axe          |    17 |     8 |    27 ||    52
       Headbutt          |     3 |     2 |     7 ||    12
       Kick              |       |     2 |    19 ||    21
       Punch             |       |       |     1 ||     1
       Battleaxe         |       |       |    13 ||    13
Invok: Berserk           |     1 |     3 |     6 ||    10
  Use: Potion            |       |     4 |       ||     4
 Stab: Sleeping          |     1 |       |       ||     1
Armor: Animal skin       |       |     1 |       ||     1
Dodge: Dodged            |     4 |     2 |    29 ||    35
